 Dungeon Crawl Stone Soup version 0.31-a0-174-g85c54bcb58 (webtiles) character file.

Game seed: 16328157458119001894

1512 qw the Skirmisher (level 8, -5/73 HPs)
             Began as a Naga Hunter on June 15, 2023.
             Slain by an iguana (11 damage)
             ... on level 5 of the Dungeon.
             The game lasted 00:02:02 (4046 turns).

qw the Skirmisher (Naga Hunter)                     Turns: 4046, Time: 00:02:02

Health: -5/73      AC:  9    Str: 13    XL:     8   Next: 83%
Magic:  8/8        EV: 13    Int:  9    God:
Gold:   275        SH:  0    Dex: 24    Spells: 7/7 levels left

rFire   . . .        Y - +0 shortbow
rCold   . . .        (shield currently unavailable)
rNeg    . . .        c - +0 leather armour
rPois   +            m - +0 helmet
rElec   .            (no cloak)
rCorr   .            (no gloves)
SInv    +            (no barding)
Will    +....        (no amulet)
Stlth   ++           e - +4 ring of protection
HPRegen 0.32/turn    j - +6 ring of dexterity
MPRegen 0.11/turn

%: no passive effects
@: lethally poisoned (-5 -> -9), about to teleport, short of breath, very slow
A: AC +2, large, see invisible, deformed body, poison resistance, slowness 2,
spit poison 1, naga tail 1
a: Spit Poison


You were on level 5 of the Dungeon.
You visited 1 branch of the dungeon, and saw 5 of its levels.

You collected 318 gold pieces.
You spent 43 gold pieces at shops.


Innate Abilities, Weirdness & Mutations

Your serpentine skin is tough. (AC +2)
You have supernaturally acute eyesight. (SInv)
Armour fits poorly on your strangely shaped body.
Your system is resistant to poisons. (rPois)
You cover ground very slowly.
You can spit poison.
You have a snake-like lower body.


   Skills:
 + Level 4.5 Fighting
 - Level 8.1 Ranged Weapons
 - Level 5.1 Dodging
 - Level 1.5 Stealth


You had 7 spell levels left.
You didn't know any spells.
Your spell library was empty.

Inventory:

Hand Weapons
 Y - a +0 shortbow (weapon)
Armour
 c - a +0 leather armour (worn)
 m - a +0 helmet (worn)
Jewellery
 e - a +4 ring of protection (left hand)
 j - a +6 ring of dexterity (right hand)
Scrolls
 b - a scroll of identify
 i - 3 scrolls of teleportation
Potions
 a - 3 potions of curing
 d - a potion of berserk rage {unknown}
 f - a potion of attraction {unknown}
 g - a potion of brilliance {unknown}
 h - a potion of haste {unknown}
 l - 2 potions of might
 n - a potion of heal wounds {unknown}

Dungeon Overview and Level Annotations

Branches:
Dungeon (5/15)
 Temple: D:4-7

Altars:
Yredelemnul

Shops:
D:2 *

Annotations:
D:2 1 runed translucent door, Crazy Yiuf
D:4 3 runed translucent doors, qw's ghost, amateur NaHu


Message History

You kill Pikel!
With Pikel's spell broken, his former minions thank you for their freedom.
The lemure departs this earthly plane. x3; The iguana closely misses you.
The water moccasin misses you.
Your Dodging skill gained 3 levels and is now at level 5!
You shoot an arrow. The arrow hits the water moccasin.
The water moccasin is moderately wounded.
The water moccasin barely misses you. The iguana closely misses you.
The water moccasin closely misses you.
You shoot an arrow. The arrow hits the water moccasin.
The water moccasin is moderately wounded.
You have got your breath back.
The iguana bites you but does no damage.
The water moccasin bites you.
You are poisoned.
The water moccasin poisons you!
4042 ||| INVOKING Spit Poison.
Aiming: Spit Poison (1% risk of failure)
Press: ? - help, Shift-Dir - straight line, f - iguana, p - water moccasin The splash of poison hits the iguana but does no damage.
The iguana is poisoned.
You feel very sick. The water moccasin closely misses you.
The iguana barely misses you. The water moccasin bites you.
4043 ||| READING 4 scrolls of teleportation.
As you read the scroll of teleportation, it crumbles to dust.
You feel strangely unstable.
You feel very sick. The iguana bites you.
The water moccasin closely misses you.
You shoot an arrow. The arrow misses the water moccasin.
You feel very sick. The iguana closely misses you.
The water moccasin barely misses you.
You shoot an arrow.
The arrow barely misses the water moccasin.
You feel sick. The water moccasin closely misses you.
The iguana barely misses you. The water moccasin closely misses you.
You shoot an arrow. The arrow hits the water moccasin!
The water moccasin is heavily wounded.
You feel sick. The iguana bites you!
You die...

#................#
###..............#######
..#...................!.
..#.........# .........
.......##...## .........
........##...# #........
......#####.## #......##
....<%#####.####l).....#
....[...[.......@......#
.................S.....#
.........##....)......##
........###........####
..........#..#......#
.......##..........##
.......##.......####
.......#........#
........


You could see a water moccasin and an iguana (poisoned).

Vanquished Creatures
  Pikel (D:5)
  Sigmund (D:2)
  Eustachio (D:4)
  A water moccasin (D:4)
  An ogre (D:4)
  A phantom (D:4)
  A lemure (D:5)
  Blork the orc (D:4)
  2 scorpions (D:5)
  A hound (D:4)
  Ijyb (D:4)
  A sleepcap (D:4)
  A howler monkey zombie (D:4)
  Robin (D:3)
  3 gnolls (D:3)
  6 adders
  2 ufetubi (D:4)
  An adder zombie (D:4)
  3 worms
  A dart slug (D:2)
  4 orcs
  11 bats
  7 endoplasms
  2 giant cockroaches (D:2)
  14 goblins
  11 hobgoblins
  A jackal (D:3)
  7 kobolds
  4 quokkas
  5 ball pythons
  3 frilled lizards (D:1)
  3 rats
103 creatures vanquished.

Notes
Turn   | Place    | Note
-------+----------+-------------------------------------------
     0 | D:1      | qw the Naga Hunter began the quest for the Orb.
     0 | D:1      | Reached XP level 1. HP: 19/19 MP: 1/1
     0 | D:1      | 0 ||| qw: Version: 0.2-a-29-g511e9b1
     0 | D:1      | 0 ||| qw: Game counter: 5270
     0 | D:1      | 0 ||| qw: Always use a shield: true
     0 | D:1      | 0 ||| qw: God list: Okawaru
     0 | D:1      | 0 ||| qw: Allow faded altars: false
     0 | D:1      | 0 ||| qw: Do Orc after D:15 true
     0 | D:1      | 0 ||| qw: Do second Lair branch before Depths: true
     0 | D:1      | 0 ||| qw: Lair rune preference: random
     0 | D:1      | 0 ||| qw: Plans: Normal
     0 | D:1      | 0 ||| PLANNING D:1-11
    30 | D:1      | 30 ||| INVOKING Spit Poison.
    61 | D:1      | 61 ||| INVOKING Spit Poison.
    63 | D:1      | Found a faded altar of an unknown god.
    77 | D:1      | 77 ||| INVOKING Spit Poison.
   111 | D:1      | 111 ||| INVOKING Spit Poison.
   131 | D:1      | 131 ||| INVOKING Spit Poison.
   136 | D:1      | Reached skill level 4 in Ranged Weapons
   136 | D:1      | Reached XP level 2. HP: 19/26 MP: 2/2
   296 | D:1      | 296 ||| INVOKING Spit Poison.
   299 | D:1      | 299 ||| INVOKING Spit Poison.
   455 | D:1      | 455 ||| INVOKING Spit Poison.
   484 | D:1      | 484 ||| INVOKING Spit Poison.
   501 | D:1      | 501 ||| INVOKING Spit Poison.
   596 | D:1      | 596 ||| INVOKING Spit Poison.
   611 | D:1      | 611 ||| DROPPING ring of flight.
   612 | D:1      | 612 ||| UPGRADING to +4 ring of protection.
   613 | D:1      | 613 ||| READING scroll labelled ICKEKKOTHRI.
   614 | D:1      | 614 ||| DROPPING scroll of butterflies.
   644 | D:2      | 644 ||| INVOKING Spit Poison.
   650 | D:2      | 650 ||| STAIRDANCE
   652 | D:1      | 652 ||| INVOKING Spit Poison.
   655 | D:1      | 655 ||| INVOKING Spit Poison.
   656 | D:1      | Reached XP level 3. HP: 29/32 MP: 3/3
   689 | D:2      | Found a runed translucent door.
   690 | D:2      | Noticed Crazy Yiuf
   721 | D:2      | 721 ||| INVOKING Spit Poison.
   724 | D:2      | 724 ||| INVOKING Spit Poison.
   762 | D:2      | 762 ||| INVOKING Spit Poison.
   766 | D:2      | 766 ||| INVOKING Spit Poison.
   779 | D:2      | 779 ||| INVOKING Spit Poison.
   808 | D:2      | Found Losioset's Assorted Antiques.
   816 | D:2      | 816 ||| BUYING fizzy golden potion (20 gold).
   816 | D:2      | Bought a fizzy golden potion for 20 gold pieces
   816 | D:2      | 816 ||| BUYING scroll labelled VITAIRGHUASO (23 gold).
   816 | D:2      | Bought a scroll labelled VITAIRGHUASO for 23 gold pieces
   828 | D:2      | 828 ||| INVOKING Spit Poison.
   833 | D:2      | 833 ||| INVOKING Spit Poison.
   839 | D:2      | Noticed Sigmund
   840 | D:2      | 840 ||| INVOKING Spit Poison.
   846 | D:2      | 846 ||| INVOKING Spit Poison.
   850 | D:2      | 850 ||| INVOKING Spit Poison.
   851 | D:2      | Killed Sigmund
   852 | D:2      | Reached skill level 6 in Ranged Weapons
   852 | D:2      | Reached XP level 4. HP: 17/39 MP: 4/4
   852 | D:2      | Reached XP level 5. HP: 19/45 MP: 5/5
   965 | D:2      | 965 ||| INVOKING Spit Poison.
   979 | D:2      | 979 ||| INVOKING Spit Poison.
   980 | D:2      | Reached XP level 6. HP: 52/52 MP: 6/6
   985 | D:2      | Identified the +3 buckler of an ice cave {rPois rC- Str+6
                  | SInv}
  1044 | D:2      | 1044 ||| INVOKING Spit Poison.
  1060 | D:2      | 1060 ||| INVOKING Spit Poison.
  1079 | D:2      | 1079 ||| INVOKING Spit Poison.
  1116 | D:2      | 1116 ||| INVOKING Spit Poison.
  1123 | D:2      | 1123 ||| INVOKING Spit Poison.
  1174 | D:2      | 1174 ||| INVOKING Spit Poison.
  1235 | D:2      | 1235 ||| UPGRADING to +6 ring of dexterity.
  1236 | D:2      | 1236 ||| READING 2 scrolls labelled GAPTOX DISYT.
  1237 | D:2      | 1237 ||| READING scroll labelled VITAIRGHUASO.
  1338 | D:2      | 1338 ||| READING 2 scrolls labelled ATIBLU JEGUE.
  1434 | D:3      | 1434 ||| INVOKING Spit Poison.
  1439 | D:3      | 1439 ||| INVOKING Spit Poison.
  1482 | D:3      | 1482 ||| READING scroll labelled MELICU FOSK.
  1494 | D:3      | 1494 ||| INVOKING Spit Poison.
  1497 | D:3      | 1497 ||| INVOKING Spit Poison.
  1581 | D:3      | 1581 ||| INVOKING Spit Poison.
  1601 | D:3      | 1601 ||| INVOKING Spit Poison.
  1628 | D:3      | 1628 ||| INVOKING Spit Poison.
  1648 | D:3      | 1648 ||| INVOKING Spit Poison.
  1690 | D:3      | 1690 ||| INVOKING Spit Poison.
  1709 | D:3      | 1709 ||| INVOKING Spit Poison.
  1770 | D:3      | Reached skill level 3 in Fighting
  1770 | D:3      | 1770 ||| INVOKING Spit Poison.
  1776 | D:3      | Noticed Robin
  1777 | D:3      | 1777 ||| Stepping ~*~*~tactically~*~*~ (outnumbered).
  1778 | D:3      | 1778 ||| INVOKING Spit Poison.
  1783 | D:3      | 1783 ||| INVOKING Spit Poison.
  1785 | D:3      | Killed Robin
  1788 | D:3      | 1788 ||| INVOKING Spit Poison.
  1795 | D:3      | 1795 ||| INVOKING Spit Poison.
  1870 | D:3      | 1870 ||| INVOKING Spit Poison.
  1873 | D:3      | 1873 ||| INVOKING Spit Poison.
  1936 | D:3      | 1936 ||| INVOKING Spit Poison.
  1973 | D:3      | 1973 ||| UPGRADING to +0 helmet.
  1978 | D:3      | 1978 ||| DROPPING ring of positive energy.
  1979 | D:3      | 1979 ||| READING scroll labelled NEWUFEM XOIRA.
  1980 | D:3      | 1980 ||| DRINKING 2 sedimented clear potions.
  1981 | D:3      | 1981 ||| DRINKING 2 fizzy cyan potions.
  1982 | D:3      | 1982 ||| DRINKING 2 coppery potions.
  1983 | D:3      | 1983 ||| DROPPING potion of invisibility.
  2265 | D:3      | 2265 ||| INVOKING Spit Poison.
  2403 | D:3      | 2403 ||| INVOKING Spit Poison.
  2727 | D:4      | 2727 ||| INVOKING Spit Poison.
  2727 | D:4      | Noticed Eustachio
  2730 | D:4      | 2730 ||| INVOKING Spit Poison.
  2735 | D:4      | 2735 ||| INVOKING Spit Poison.
  2740 | D:4      | 2740 ||| INVOKING Spit Poison.
  2746 | D:4      | 2746 ||| INVOKING Spit Poison.
  2749 | D:4      | Killed Eustachio
  2750 | D:4      | Reached XP level 7. HP: 64/66 MP: 7/7
  2765 | D:4      | Found a runed translucent gate.
  2765 | D:4      | Found a runed translucent gate.
  2765 | D:4      | Found a runed translucent gate.
  2765 | D:4      | Noticed qw's ghost (amateur NaHu)
  2767 | D:4      | Found a basalt altar of Yredelemnul.
  2881 | D:4      | 2881 ||| INVOKING Spit Poison.
  2907 | D:4      | 2907 ||| INVOKING Spit Poison.
  2966 | D:4      | 2966 ||| INVOKING Spit Poison.
  2986 | D:4      | 2986 ||| INVOKING Spit Poison.
  3048 | D:4      | 3048 ||| Stepping ~*~*~tactically~*~*~ (outnumbered).
  3051 | D:4      | 3051 ||| INVOKING Spit Poison.
  3067 | D:4      | 3067 ||| INVOKING Spit Poison.
  3169 | D:4      | 3169 ||| INVOKING Spit Poison.
  3172 | D:4      | 3172 ||| INVOKING Spit Poison.
  3175 | D:4      | Noticed Ijyb
  3177 | D:4      | 3177 ||| INVOKING Spit Poison.
  3185 | D:4      | 3185 ||| INVOKING Spit Poison.
  3185 | D:4      | Killed Ijyb
  3191 | D:4      | 3191 ||| INVOKING Spit Poison.
  3196 | D:4      | Reached skill level 7 in Ranged Weapons
  3202 | D:4      | 3202 ||| INVOKING Spit Poison.
  3218 | D:4      | 3218 ||| INVOKING Spit Poison.
  3377 | D:4      | 3377 ||| INVOKING Spit Poison.
  3536 | D:4      | 3536 ||| READING scroll labelled EXZORH ROETECE.
  3537 | D:4      | 3537 ||| READING scroll labelled ETUROI KOCZO.
  3597 | D:5      | Entered Level 5 of the Dungeon
  3597 | D:5      | Noticed Blork the orc
  3599 | D:5      | 3599 ||| INVOKING Spit Poison.
  3603 | D:5      | 3603 ||| INVOKING Spit Poison.
  3606 | D:5      | 3606 ||| STAIRDANCE
  3608 | D:4      | 3608 ||| INVOKING Spit Poison.
  3611 | D:4      | Killed Blork the orc
  3791 | D:5      | 3791 ||| STAIRDANCE
  3802 | D:4      | Reached skill level 8 in Ranged Weapons
  3802 | D:4      | Reached XP level 8. HP: 55/73 MP: 8/8
  3986 | D:5      | 3986 ||| INVOKING Spit Poison.
  4004 | D:5      | 4004 ||| INVOKING Spit Poison.
  4011 | D:5      | 4011 ||| INVOKING Spit Poison.
  4021 | D:5      | 4021 ||| INVOKING Spit Poison.
  4021 | D:5      | Noticed Pikel
  4028 | D:5      | 4028 ||| INVOKING Spit Poison.
  4033 | D:5      | 4033 ||| INVOKING Spit Poison.
  4036 | D:5      | 4036 ||| INVOKING Spit Poison.
  4039 | D:5      | Killed Pikel
  4042 | D:5      | 4042 ||| INVOKING Spit Poison.
  4042 | D:5      | HP: 16/73 [water moccasin (6)]
  4043 | D:5      | 4043 ||| READING 4 scrolls of teleportation.
  4045 | D:5      | HP: 7/73 [poisoned by a water moccasin]
  4046 | D:5      | Slain by an iguana

Levels and vault maps discovered:
D:1:      ncdulo_watergridlock, layout_basic, shapermc_ecumenical_altar_pompeii
D:2:      layout_rooms, serial_shops, nicolae_shop_peninsula,
          uniq_crazy_yiuf_cottage, uniq_sigmund
D:3:      kennysheep_six_static_rooms, layout_loops_cross,
          roderic_serpentine_path, hangedman_decor_clover_reticule,
          grunt_ministairs_2, minmay_misc_feat_tiny, nicolae_grassy_gnolls,
          uniq_robin
D:4:      wander_river, layout_loops_cross, nicolae_yredelemnul_ghost_church,
          minmay_starry_boxes, uniq_ijyb, uniq_eustachio
D:5:      layout_cave_pools, minivault_5, uniq_pikel, uniq_blork_the_orc

Skill      XL: |  1  2  3  4  5  6  7  8 |
---------------+-------------------------+-----
Ranged Weapons | 4 6 8 |  8.1
Fighting       | 4 |  4.5
Dodging        | 2 5 |  5.1
Stealth        | |  1.5

Action                     |  1- 3 |  4- 6 |  7- 9 || total
---------------------------+-------+-------+-------++-------
  Melee: Unarmed           |       |       |    13 ||    13
   Fire: Shortbow          |    54 |    93 |   100 ||   247
Ability: Spit Poison       |    24 |    33 |    25 ||    82
    Use: Scroll            |     1 |     5 |     3 ||     9
         Potion            |       |     3 |       ||     3
 Armour: Leather armour    |     9 |    21 |    24 ||    54
  Dodge: Dodged            |    23 |    20 |    63 ||   106

Table legend:
 A = Non-vault XP
 B = Vault XP
 C = Vault XP percentage of total XP
 D = Non-vault monster count
 E = Vault monster count
 F = Vault count percentage of total count
                 A         B        C        D         E       F
            +---------+---------+-------+---------+---------+-------
      Total |     682 |    1479 |  68.4 |      67 |      35 |  34.3
            +---------+---------+-------+---------+---------+-------
        D:1 |      42 |       0 |   0.0 |      18 |       0 |   0.0
        D:2 |      55 |     239 |  81.3 |      20 |       1 |   4.8
        D:3 |      21 |      92 |  81.4 |       9 |      23 |  71.9
        D:4 |     388 |     507 |  56.6 |      17 |      10 |  37.0
        D:5 |     176 |     641 |  78.5 |       3 |       1 |  25.0
            +---------+---------+-------+---------+---------+-------
